Map: Inside and Out

Players

Eleven - Winner!

  • Race: Zerg Zerg
  • League: Master
  • Spawn Location: 1:00

acheron

  • Race: Protoss Protoss
  • League: Grandmaster
  • Spawn Location: 7:00

VOD

Have the link to the VOD?

Description

Time

  • Played on: Oct. 1, 2022, 12:04 p.m.
  • Length: 8:29
Show
View Real Time Build Order
Export as new Build Order

Eleven Zerg - Winner!

Build Orders: Pool Only, Swarm Host 

Get SALT Encoding   

  12  0:02  Drone  
  13  0:22  Spawning Pool  
  13  0:25  Drone  
  13  0:30  Drone  
  14  0:40  Overlord  
  14  0:43  Extractor  
  14  0:45  Drone  
  14  0:59  Drone  
  14  1:00  Drone  
  16  1:09  Queen  
  16  1:10  Zergling x2  
  19  1:22  Drone  
  20  1:33  Drone  
  20  1:35  Extractor  
  20  1:44  Drone  
  21  1:47  Lair  
  21  1:51  Overlord  
  21  2:04  Drone  
  22  2:35  Drone x3  
  25  2:37  Overlord  
  25  2:47  Infestation Pit  
  25  2:48  Queen  
  25  2:50  Nydus Network  
  25  2:58  Overlord  
  25  3:04  Overseer  
  25  3:06  Drone x2  
  25  3:08  Zergling x2  
  28  3:14  Spore Crawler  
  27  3:27  Swarm Host x2  
  33  3:42  Nydus Canal  
  33  3:46  Overlord  
  33  3:47  Queen  
  35  3:53  Swarm Host  
  38  4:09  Swarm Host, Zergling x2  
  42  4:22  Nydus Canal  
  42  4:29  Queen  
  44  4:40  Swarm Host  
  47  5:06  Queen  
  49  5:11  Nydus Canal  
  49  5:12  Swarm Host  
  52  5:18  Overlord  
  52  5:19  Overlord x2  
  52  5:42  Swarm Host x3  
  61  5:55  Swarm Host  
  64  6:03  Queen  
  66  6:05  Overlord  
  66  6:14  Swarm Host  
  66  7:02  Overlord  
  66  7:03  Overlord  
  66  7:06  Spore Crawler  
  66  7:08  Nydus Canal, Spore Crawler  
  64  7:20  Queen  
  66  7:33  Swarm Host x3  
  77  8:07  Zergling x2  
Show
View Real Time Build Order
Export as new Build Order

acheron Protoss 

Build Orders:  

Get SALT Encoding   

  12  0:00  Probe  
  13  0:12  Probe  
  14  0:19  Pylon  
  14  0:24  Probe  
  15  0:37  Probe (Chrono Boost)  
  15  0:40  Gateway  
  16  0:46  Probe (Chrono Boost)  
  17  0:51  Probe (Chrono Boost)  
  17  0:55  Assimilator  
  18  1:03  Probe  
  19  1:15  Probe  
  20  1:21  Gateway  
  20  1:28  Cybernetics Core  
  20  1:32  Zealot (Chrono Boost)  
  21  1:35  Probe  
  22  1:52  Probe  
  23  1:56  Pylon  
  23  1:59  Assimilator  
  23  2:11  Stalker (Chrono Boost)  
  23  2:12  Shield Battery  
  27  2:18  Probe  
  27  2:21  Adept (Chrono Boost)  
  28  2:23  Warp Gate  
  28  2:30  Probe  
  28  2:42  Probe  
  29  2:48  Nexus  
  29  3:04  Stargate  
  29  3:12  Adept  
  31  3:18  Pylon  
  31  3:25  Pylon  
  31  3:53  Probe  
  31  3:55  Stargate, Void Ray (Chrono Boost)  
  36  4:01  Shield Battery  
  36  4:03  Shield Battery  
  36  4:05  Shield Battery  
  36  4:11  Stalker  
  38  4:17  Stalker  
  40  4:36  Stalker  
  42  4:46  Assimilator x2  
  46  5:02  Void Ray (Chrono Boost)  
  46  5:06  Probe x2  
  48  5:18  Probe  
  48  5:19  Void Ray (Chrono Boost)  
  53  5:23  Pylon  
  53  5:41  Stalker  
  53  5:42  Stalker  
  53  5:49  Probe  
  51  5:50  Probe  
  51  6:17  Void Ray  
  55  6:26  Zealot, Void Ray  
  55  6:31  Zealot  
  59  6:56  Cybernetics Core  
  59  7:00  Zealot x2  
  59  7:03  Probe x2  
  61  7:26  Zealot  
  61  7:29  Zealot  
  59  7:35  Pylon  
  59  7:37  Pylon  
  59  7:53  Pylon  
  59  7:54  Pylon  
  59  7:58  Zealot  
  55  8:00  Zealot  
  57  8:13  Twilight Council  
Tags
 
Composition
Swarm Host
Matchup
PvZ
Opening
Pool Only
Spawn Locations
Cross Positions
Add a new tag
Caveats
  • Supply blocks, unpowered buildings, or Contaminate may cause inaccurate times.
  • Supply counts are checked every 10 seconds.